 Dungeon Crawl Stone Soup version 0.27.0-1-g7a089689b8 (webtiles) character file.

Game seed: 12864791927423978254

117 avis the Ruffian (level 4, -4/36 HPs)
             Began as a Draconian Transmuter on Aug 8, 2021.
             Succumbed to an orc wizard's poison
             ... on level 2 of the Dungeon.
             The game lasted 00:08:40 (2677 turns).

avis the Ruffian (Draconian Transmuter)             Turns: 2677, Time: 00:08:41

Health: -4/36      AC:  2    Str: 13    XL:     4   Next: 71%
Magic:  5/7        EV: 19    Int: 13    God:
Gold:   65         SH:  0    Dex: 17    Spells: 3/7 levels left

rFire    . . .     SeeInvis .     - Unarmed
rCold    . . .     Faith    .   (shield currently unavailable)
rNeg     . . .     Spirit   .   (armour unavailable)
rPois    x         Reflect  .   (helmet currently unavailable)
rElec    .         Harm     .   (cloak currently unavailable)
rCorr    .         Rampage  .   (gloves currently unavailable)
Will     .....                  (boots currently unavailable)
Stlth    ++........             (no amulet)
HPRegen  0.12/turn              (no ring)
MPRegen  0.10/turn              (no ring)

@: lethally poisoned (-4 -> -24), spider-form (expiring), attractive, flying
A: venomous fangs, AC +5, tiny, unfitting armour, (cold-blooded)
a: End Transformation


You were on level 2 of the Dungeon.
You were a venomous arachnid creature.
You visited 1 branch of the dungeon, and saw 3 of its levels.

You collected 65 gold pieces.

Inventory:

Hand Weapons
 a - a +0 dagger (melded)
 b - a +0 hunting sling
Missiles
 c - 84 stones
 t - 4 boomerangs
Armour
 m - a +0 pair of gloves (melded)
 o - a +1 hat (melded)
Magical Staves
 n - a staff of death
Jewellery
 e - a ring of protection from fire
 f - a ring of poison resistance
 g - an amulet of guardian spirit
Scrolls
 d - a scroll of torment {unknown}
 j - a scroll of fear {unknown}
 k - a scroll of amnesia {unknown}
 l - a scroll of silence {unknown}
 q - a scroll of identify {unknown}
Potions
 p - a potion of invisibility {unknown}
 r - a potion of heal wounds {unknown}
 s - a potion of resistance {unknown}


   Skills:
 - Level 2.0 Fighting
 - Level 1.7 Dodging
 - Level 2.0 Stealth
 * Level 3.3 Unarmed Combat
 - Level 2.0 Spellcasting
 - Level 2.0 Transmutations
 - Level 3.0 Poison Magic


You had 3 spell levels left.
You knew the following spells:

 Your Spells              Type           Power      Damage    Failure   Level
a - Beastly Appendage     Tmut           12%        N/A       26%         1
p - Spider Form           Tmut/Pois      3%         N/A       47%         3

Your spell library contained the following spells:

 Spells                   Type           Power      Damage    Failure   Level
 Wereblood                Tmut           6%         N/A       36%         2
 Animate Skeleton         Necr           2%         N/A       47%         1
 Apportation              Tloc           2%         N/A       47%         1
 Corona                   Hex            1%         N/A       47%         1
 Summon Small Mammal      Summ           4%         N/A       47%         1
 Ice Form                 Ice/Tmut       3%         N/A       95%         4


Dungeon Overview and Level Annotations

Branches:
Dungeon (3/15)

Altars:


Innate Abilities, Weirdness & Mutations

You are a venomous arachnid creature.
You have poisonous fangs.
You are tiny and dextrous.
Your spellcasting is less reliable in this form.
Your armour is entirely melded.
You are incapable of wielding weapons or throwing items.
((Your plain brown scales are hard. (AC +5)))
You cannot fit into any form of body armour.
((You are cold-blooded and may be slowed by cold attacks.))


Message History

Your +0 dagger melds into your body.
Your +1 hat melds into your body.
Your +0 pair of gloves melds into your body.
You climb downwards.
The orc wizard gestures at you while chanting.
You are confused.
There is a stone staircase leading up here.
The orc wizard barely misses you.
You climb upwards.
Your transformation is almost over.
There is a stone staircase leading down here.
You bump into the rock wall.
The orc wizard mumbles some strange words.
The orc wizard flickers and vanishes!
Deactivating autopickup; reactivate with Ctrl-A.
You bump into the rock wall.
Something hits you.
You are poisoned.
You hit something.
You feel extremely sick. Something hits you.
You bump into the rock wall.
You feel very sick. Something closely misses you.
You're too confused to move!
You feel less confused.
You feel very sick. Something hits you.
You are more poisoned.
You hit something.
* * * LOW HITPOINT WARNING * * *
You feel very sick. Something misses you.
It was a potion of attraction.
You feel attractive to monsters.
* * * LOW HITPOINT WARNING * * *
You feel very sick. Something barely misses you.
It was a potion of flight.
You feel very buoyant.
You fly up into the air.
You die...

### ..# #.# #.# #.#
#.#
..##################
####.......##..{s).#
## #.#####.##.####.#
.###†#...#.##.####.#
.................#.#
.###.....#.##.##.#.#
#......###.##.##.#.#
...#.......##......#
...##.########.#.###
.#.##.# ##.###.##


There were no monsters in sight!

Vanquished Creatures
  A scorpion (D:2)
  3 adders (D:2)
  A dart slug (D:1)
  3 orcs (D:2)
  3 ball pythons
  2 bats
  2 goblins
  A hobgoblin (D:1)
  3 quokkas (D:1)
  A frilled lizard (D:2)
  3 kobolds
  5 rats
28 creatures vanquished.

Vanquished Creatures (others)
  A fungus (D:2)
1 creature vanquished.

Grand Total: 29 creatures vanquished

Notes
Turn   | Place    | Note
-------+----------+-------------------------------------------
     0 | D:1      | avis the Draconian Transmuter began the quest for the Orb.
     0 | D:1      | Reached XP level 1. HP: 16/16 MP: 3/3
   281 | D:1      | Reached skill level 1 in Stealth
   739 | D:1      | Reached XP level 2. HP: 17/23 MP: 3/5
  1530 | D:2      | Noticed a scorpion
  1539 | D:2      | Killed a scorpion
  1540 | D:2      | Reached XP level 3. HP: 12/29 MP: 4/6
  1540 | D:2      | Reached XP level 4. HP: 15/36 MP: 4/7
  1544 | D:2      | Learned a level 3 spell: Spider Form
  2417 | D:2      | Found a faded altar of an unknown god.
  2676 | D:2      | HP: 1/36 [poisoned by an orc wizard]
  2677 | D:2      | Succumbed to an orc wizard's poison

Illustrated notes

Levels and vault maps discovered:
D:1:      lemuel_arrival_rhombus, layout_basic, bh_walls_and_bars
D:2:      layout_loops_cross, shapermc_ecumenical_altar_petra
D:3:      layout_basic

Skill      XL: |  1  2  3  4 |
---------------+-------------+-----
Stealth        | 1 2 |  2.0
Fighting       | 2 |  2.0
Poison Magic   | 2 3 |  3.0
Dodging        | |  1.7
Unarmed Combat | |  3.3
Spellcasting   | |  2.0
Transmutations | |  2.0

Action                   |  1- 3 |  4- 6 || total
-------------------------+-------+-------++-------
Melee: Unarmed           |    27 |    10 ||    37
       Staff             |    11 |       ||    11
       Tailslap          |     5 |     2 ||     7
       Headbutt          |     3 |     1 ||     4
       Kick              |     5 |     5 ||    10
       Dagger            |    21 |    17 ||    38
       Punch             |     1 |       ||     1
 Fire: Hunting sling     |     6 |     9 ||    15
 Cast: Beastly Appendage |    10 |     3 ||    13
       Spider Form       |       |     6 ||     6
  Use: Potion            |       |     2 ||     2
 Stab: Sleeping          |     2 |       ||     2
Armor: Skin              |     8 |     8 ||    16
Dodge: Dodged            |    35 |    25 ||    60
